 Dungeon Crawl Stone Soup version 0.28-a0-1506-g3893175d92 (webtiles) character file.

Game seed: 3100460098061649941

126707 Majang the Zephyrmancer (level 17, -11/128 HPs)
             Began as a Human Conjurer on Jan 13, 2022.
             Was a High Priest of Vehumet.
             Killed from afar by a will-o-the-wisp (15 damage)
             ... with a foxfire
             ... on level 4 of the Swamp on Jan 14, 2022.
             The game lasted 04:00:06 (37359 turns).

Majang the Zephyrmancer (Human Conjurer)           Turns: 37359, Time: 04:00:06

Health: -11/128    AC: 12    Str:  9    XL:     17   Next: 54%
Magic:  43/52      EV: 19    Int: 24    God:    Vehumet [*****.]
Gold:   2247       SH:  5    Dex: 22    Spells: 6/42 levels left

rFire   . . .      SeeInvis +   a - staff of air
rCold   + . .      Faith    .   E - +0 buckler
rNeg    + . .      Spirit   .   t - +2 robe of the Lobster {+Inv rPois rC+ Slay+3}
rPois   +          Reflect  .   l - +1 helmet
rElec   +          Harm     .   v - scarf {repulsion}
rCorr   .          Rampage  .   s - +2 pair of gloves
Will    +++..                   u - +2 pair of boots
Stlth   ++........              I - amulet of magic regeneration
HPRegen 0.31/turn               M - ring "Jokaet" {rN+ Will++ MP+9 Dex+6}
MPRegen 0.73/turn               y - ring "Eteocyd" {rElec MP+9 Dex+3 SInv}

@: studying 2 skills, repel missiles
A: no striking features
a: Renounce Religion, Evoke Invisibility


You were on level 4 of the Swamp.
You worshipped Vehumet.
Vehumet was extremely pleased with you.
You visited 5 branches of the dungeon, and saw 25 of its levels.
You also visited: Bailey and Gauntlet.

You collected 2795 gold pieces.
You spent 548 gold pieces at shops.

Inventory:

Hand Weapons
 b - the +12 halberd "Bamnoom" {vorpal, rElec rN+ rCorr}
   (You found it on level 5 of the Lair of Beasts)

   It inflicts extra damage upon your enemies.
   rElec:     It insulates you from electricity.
   rN:        It protects you from negative energy.
   rCorr:     It protects you from acid and corrosion.
Armour
 l - a +1 helmet (worn)
 s - a +2 pair of gloves (worn)
 t - the +2 robe of the Lobster (worn) {+Inv rPois rC+ Slay+3}
   (You found it on level 8 of the Dungeon)

   Slay:      It affects your accuracy & damage with ranged weapons and melee
   (+3).
   rC:        It protects you from cold.
   rPois:     It protects you from poison.
   +Inv:      It lets you turn invisible.
 u - a +2 pair of boots (worn)
 v - a scarf of repulsion (worn)
 E - a +0 buckler (worn)
 L - the +0 acid dragon scales of Decompression {rPois rCorr Int+2}
   (You took it off a minotaur in a Gauntlet)

   Int:       It affects your intelligence (+2).
   rPois:     It protects you from poison.
   rCorr:     It protects you from acid and corrosion.
Magical Staves
 a - a staff of air (weapon)
Jewellery
 m - a ring of protection from fire
 o - a ring of magical power
 y - the ring "Eteocyd" (right hand) {rElec MP+9 Dex+3 SInv}
   (You found it on level 6 of the Lair of Beasts)

   [ring of magical power]

   Dex:       It affects your dexterity (+3).
   rElec:     It insulates you from electricity.
   MP:        It affects your magic capacity (+9).
   SInv:      It lets you see invisible.
 C - a ring of resist corrosion
 D - an amulet of reflection
 H - the ring "Vampetec" {Wiz rPois}
   (You found it on level 2 of the Lair of Beasts)

   [ring of wizardry]

   It improves your spell success rate.
   rPois:     It protects you from poison.
 I - an amulet of magic regeneration (around neck)
 M - the ring "Jokaet" (left hand) {rN+ Will++ MP+9 Dex+6}
   (You took it off a minotaur in a Gauntlet)

   [ring of dexterity]

   Dex:       It affects your dexterity (+6).
   rN:        It protects you from negative energy.
   MP:        It affects your magic capacity (+9).
   Will:      It greatly increases your willpower.
Wands
 k - a wand of flame (20)
 x - a wand of iceblast (33)
 A - a wand of acid (31)
Scrolls
 d - 3 scrolls of fear
 f - 6 scrolls of fog
 n - 2 scrolls of summoning
 q - 8 scrolls of teleportation
 w - a scroll of enchant armour
 K - a scroll of blinking
 N - a scroll of enchant weapon {unknown}
 P - 2 scrolls of identify
 Q - a scroll of immolation
 R - a scroll of magic mapping
Potions
 c - 2 potions of mutation
 e - 5 potions of lignification
 g - 18 potions of curing
 h - 2 potions of brilliance
 i - 3 potions of flight
 j - a potion of ambrosia
 p - 2 potions of attraction
 z - a potion of magic
 B - a potion of might
 F - 4 potions of heal wounds
 G - 4 potions of haste {unknown}
 J - a potion of invisibility
Miscellaneous
 r - a phantom mirror
 O - a condenser vane (inert)


   Skills:
 - Level 10.0 Fighting
 - Level 10.0 Staves
 - Level 10.0 Dodging
 - Level 2.0 Stealth
 + Level 2.1 Shields
 * Level 13.2 Spellcasting
 + Level 11.8 Conjurations
 * Level 9.3 Fire Magic
 * Level 13.6 Air Magic
 - Level 10.0 Evocations


You had 6 spell levels left.
You knew the following spells:

 Your Spells              Type           Power      Damage    Failure   Level
a - Magic Dart            Conj           100%       1d8       1%          1
b - Iskenderun's Mystic   Conj/Tloc      44%        2d10      1%          4
c - Freezing Cloud        Conj/Ice/Air   35%        6-21      1%          5
f - Fireball              Conj/Fire      30%        3d13      1%          5
l - Lightning Bolt        Conj/Air       43%        1d62      1%          5
m - Maxwell's Capacitive  Air            44%        ∞         30%         8
t - Airstrike             Air            44%        N/A       1%          4
w - Flame Wave            Conj/Fire      61%        2d10      1%          4

Your spell library contained the following spells:

 Spells                   Type           Power      Damage    Failure   Level
 Irradiate                Conj/Tmut      22%        3d21      3%          5
 Corpse Rot               Necr/Air       100%       N/A       1%          2
 Poisonous Vapours        Pois/Air       100%       N/A       1%          2
 Scorch                   Fire           100%       2d10      1%          2
 Searing Ray              Conj           100%       2d8       1%          2
 Static Discharge         Conj/Air       86%        N/A       1%          2
 Dazzling Flash           Conj/Hex       88%        N/A       1%          3
 Ignite Poison            Fire/Tmut/Pois 30%        N/A       1%          3
 Fulminant Prism          Conj/Hex       22%        3d13      1%          4
 Starburst                Conj/Fire      30%        6d9       2%          6
 Animate Skeleton         Necr           30%        N/A       4%          1
 Apportation              Tloc           30%        N/A       4%          1
 Slow                     Hex            60%        N/A       4%          1
 Sting                    Tmut/Pois      60%        1d6       4%          1
 Summon Small Mammal      Summ           60%        N/A       4%          1
 Passwall                 Tmut/Erth      12%        N/A       8%          2
 Olgreb's Toxic Radiance  Pois           15%        N/A       13%         4
 Call Canine Familiar     Summ           15%        N/A       16%         3
 Confusing Touch          Hex            15%        N/A       16%         3
 Gell's Gravitas          Tloc           15%        N/A       16%         3
 Lesser Beckoning         Tloc           15%        N/A       16%         3
 Portal Projectile        Hex/Tloc       30%        N/A       16%         3
 Spider Form              Tmut/Pois      15%        N/A       16%         3
 Summon Guardian Golem    Hex/Summ       15%        N/A       16%         3
 Teleport Other           Tloc           15%        N/A       16%         3
 Vampiric Draining        Necr           15%        2d7       16%         3
 Ice Form                 Ice/Tmut       15%        N/A       45%         4
 Leda's Liquefaction      Hex/Erth       7%         N/A       45%         4
 Alistair's Intoxication  Tmut/Pois      10%        N/A       80%         5
 Statue Form              Tmut/Erth      10%        N/A       100%        6
 Summon Cactus Giant      Summ           7%         N/A       100%        6
 Ignition                 Fire           28%        3d9       83%         8
 Storm Form               Tmut/Air       32%        N/A       95%         7
 Ozocubu's Refrigeration  Ice            7%         4d6       100%        7


Dungeon Overview and Level Annotations

Branches:
Dungeon (12/15)            Temple (1/1) D:5            Lair (6/6) D:9
  Swamp (4/4) Lair:4        Snake (0/4) Lair:2        Slime (0/5) Lair:5
    Orc (2/2) D:11            Elf (0/3) Orc:2        Bailey (visited)
Gauntlet (visited)

Altars:
Ashenzari
Cheibriados
Dithmenos
Elyvilon
Fedhas
Gozag
Hepliaklqana
Kikubaaqudgha
Makhleb
Nemelex Xobeh
Okawaru
Qazlal
Ru
Sif Muna
Trog
Uskayaw
Vehumet
Wu Jian
Xom
Yredelemnul
Zin
The Shining One
Jiyva

Shops:
Orc:2 [=?*(

Portals:
Pandemonium: Orc:2


Message History

The bunyip is moderately wounded.
The bunyip is knocked back by the mystic blast.
The bunyip collides with the five-headed hydra!
The five-headed hydra is severely wounded.
The bunyip is moderately wounded.
The mystic blast hits the alligator!
The alligator is almost dead.
The alligator is knocked back by the mystic blast.
The alligator slams into the stone wall!
You kill the alligator!
Vehumet accepts your kill.
You feel your power returning.
A ghost crab comes into view.
The will-o-the-wisp gestures.
The will-o-the-wisp conjures some foxfire!
The eleionoma is engulfed in poison gas.
The eleionoma is poisoned.
The foxfire hits you!!
* * * LOW HITPOINT WARNING * * *
2 foxfires come into view.
Casting: Iskenderun's Mystic Blast (mildly dangerous; 1% risk of failure)
Confirm with . or Enter, or press ? or * to list all spells.
You erupt in a blast of force!
The mystic blast hits the five-headed hydra!
The five-headed hydra is severely wounded.
The mystic blast hits the bunyip!
The bunyip is almost dead.
The bunyip is knocked back by the mystic blast.
The mystic blast hits the bunyip!
The bunyip is heavily wounded.
The bunyip is knocked back by the mystic blast.
The bunyip collides with the five-headed hydra!
The five-headed hydra is severely wounded.
The bunyip is heavily wounded.
The foxfire hits you!
* * * LOW HITPOINT WARNING * * *
The foxfire hits you!
* * * LOW HITPOINT WARNING * * *
The spriggan druid is engulfed in poison gas.
The spriggan druid looks even sicker.
The foxfire hits you!
You die...

♣♣ ♣.≈≈♣♣ .≈
≈.≈
....♣♣♣♣.
.≈≈♣♣.≈.≈≈..
≈≈§≈/.≈≈...
..v§§≈≈≈..#
.§.§§§..†≈#
≈^§§§§§≈§§#
.≈≈§§§v@§§#
≈♣≈§§§§§§§#
≈≈♣♣§x§§§§#
♣D§§x§§#
≈≈§§§§≈§.#
≈≈♣R§i§§≈.
≈≈≈§§§§i§≈.♣
♣≈≈§§t§§§≈≈.
≈≈≈≈.≈≈≈≈≈≈≈


You could see 2 bunyips, an eleionoma (poisoned), a five-headed hydra, a ghost
crab, a spriggan berserker (regenerating, strong-willed, very poisoned), a
spriggan druid (very poisoned) and a will-o-the-wisp.

Vanquished Creatures
  Rupert (Lair:3)
  A tentacled monstrosity (Swamp:1)
  A thorn hunter (Swamp:2)
  An eleionoma (Swamp:3)
  2 dire elephants
  2 green draconians (Swamp:3)
  4 entropy weavers (D:11)
  A minotaur (Gauntlet)
  2 boulder beetles
  12 hydras
  A catoblepas (Lair:6)
  6 ghost crabs
  A centaur warrior (D:10)
  11 alligators
  6 death yaks (Lair:6)
  2 two-headed ogres
  7 orc high priests (Orc:2)
  6 spriggans
  3 sun demons (Orc:2)
  A sixfirhy (Orc:2)
  4 fire crabs (D:11)
  A spriggan druid (Swamp:2)
  A skeletal warrior (D:9)
  6 bog bodies
  7 swamp dragons
  4 orc knights (Orc:2)
  A goliath frog (Swamp:1)
  3 lindwurms (Lair:6)
  3 ugly things
  An oklob plant (D:10)
  5 orc sorcerers
  3 will-o-the-wisps
  3 cyclopes
  4 manticores
  20 elephants
  2 apocalypse crabs
  10 black mambas
  19 cane toads
  3 torpor snails
  2 gargoyles
  5 rime drakes
  A kobold demonologist (D:8)
  13 komodo dragons
  5 trolls
  11 tyrant leeches
  4 polar bears
  Grinder (D:6)
  9 hornets
  29 blink frogs
  13 dream sheep
  4 wyverns
  Sigmund (D:3)
  49 yaks
  A shadow (D:10)
  A wraith (D:9)
  A vampire (D:11)
  Eustachio (D:4)
  2 basilisks
  3 neqoxecs
  2 vampire mosquitoes (Swamp:2)
  A steam dragon (D:10)
  3 chaos spawn (Gauntlet)
  11 swamp worms
  A warg (Orc:2)
  3 acid dragons
  18 water moccasins
  4 swamp drakes
  45 orc warriors
  3 ice beasts
  A black bear (Lair:4)
  2 necrophages
  6 ogres
  13 centaurs
  9 wolves
  2 phantoms (D:6)
  7 kobold brigands
  17 bullfrogs
  2 scorpions
  2 gnoll sergeants
  A water moccasin skeleton (D:6)
  5 killer bees (D:9)
  4 electric eels (D:6)
  7 howler monkeys
  3 centaur zombies
  A centaur skeleton (D:7)
  3 jellies
  Crazy Yiuf (D:3)
  24 orc priests
  2 gnoll shamans
  3 iguanas
  Ijyb (D:3)
  A scorpion zombie (D:5)
  30 orc wizards
  2 hound skeletons
  Robin (D:4)
  24 gnolls
  7 adders
  A shadow imp (D:5)
  A white imp (D:6)
  An ufetubus (D:4)
  5 dart slugs
  92 orcs
  7 endoplasms
  4 giant cockroaches
  14 goblins
  6 hobgoblins
  8 jackals
  13 kobolds
  A quokka (D:4)
  7 ball pythons
  6 bats
  2 frilled lizards (D:3)
  3 rats
  4 bushes
774 creatures vanquished.

Vanquished Creatures (others)
  A spriggan druid (Swamp:3)
  A bush (Lair:6)
  9 foxfires
  36 fulminant prisms
  70 fungi
  118 plants
235 creatures vanquished.

Grand Total: 1009 creatures vanquished

Notes
Turn   | Place    | Note
-------+----------+-------------------------------------------
     0 | D:1      | Majang the Human Conjurer began the quest for the Orb.
     0 | D:1      | Reached XP level 1. HP: 13/13 MP: 3/3
   284 | D:1      | Reached XP level 2. HP: 5/19 MP: 0/5
   982 | D:1      | Reached XP level 3. HP: 24/24 MP: 2/6
  1661 | D:2      | Found a faded altar of an unknown god.
  1786 | D:2      | Found an ancient bone altar of Kikubaaqudgha.
  1882 | D:2      | Reached XP level 4. HP: 30/30 MP: 6/8
  2229 | D:3      | Learned a level 2 spell: Searing Ray
  2235 | D:3      | Learned a level 4 spell: Fulminant Prism
  2272 | D:3      | Noticed Sigmund
  2301 | D:3      | Noticed a kobold brigand
  2323 | D:2      | Killed a kobold brigand
  2324 | D:2      | Reached skill level 5 in Conjurations
  2324 | D:2      | Reached XP level 5. HP: 14/35 MP: 1/10
  2516 | D:3      | Killed Sigmund
  2517 | D:3      | Reached XP level 6. HP: 41/41 MP: 3/12
  2645 | D:3      | Learned a level 2 spell: Static Discharge
  2650 | D:3      | Learned a level 4 spell: Iskenderun's Mystic Blast
  2773 | D:3      | Noticed Ijyb
  2781 | D:3      | Killed Ijyb
  3205 | D:3      | Reached XP level 7. HP: 47/47 MP: 9/13
  3431 | D:3      | Found a runed translucent door.
  3432 | D:3      | Noticed Crazy Yiuf
  3439 | D:3      | Killed Crazy Yiuf
  3440 | D:3      | Reached skill level 1 in Air Magic
  3646 | D:4      | Noticed Robin
  3665 | D:4      | Killed Robin
  3947 | D:4      | Reached skill level 1 in Fighting
  3947 | D:4      | Reached skill level 1 in Staves
  4229 | D:4      | Noticed Eustachio
  4505 | D:4      | Killed Eustachio
  4506 | D:4      | Reached skill level 5 in Spellcasting
  4506 | D:4      | Reached skill level 1 in Evocations
  4506 | D:4      | Reached XP level 8. HP: 35/54 MP: 4/15
  4628 | D:4      | Found an opulent altar of Gozag.
  4709 | D:5      | Entered Level 5 of the Dungeon
  4712 | D:5      | Found a staircase to the Ecumenical Temple.
  4721 | Temple   | Entered the Ecumenical Temple
  4962 | Temple   | Became a worshipper of Vehumet
  6947 | D:6      | Noticed Grinder
  6954 | D:6      | Killed Grinder
  6955 | D:6      | Reached XP level 9. HP: 62/62 MP: 8/18
  7889 | D:6      | Reached * piety under Vehumet
  7889 | D:6      | Offered knowledge of Freeze by Vehumet.
 10067 | D:7      | Got Sauxt's Tome of Changing
 10074 | D:7      | Learned a level 5 spell: Lightning Bolt
 10200 | D:8      | Identified the +2 robe of the Lobster {+Inv rPois rC+
                  | Slay+3}
 10221 | D:8      | Noticed a kobold demonologist
 10231 | D:8      | Killed a kobold demonologist
 10232 | D:8      | Reached XP level 10. HP: 70/70 MP: 6/20
 10835 | D:8      | Found a bloodstained altar of Trog.
 10970 | D:8      | Reached ** piety under Vehumet
 10970 | D:8      | Offered knowledge of Foxfire by Vehumet.
 11217 | D:9      | Noticed a boulder beetle
 11355 | D:9      | Found a flagged portal.
 11379 | Bailey   | Entered a bailey
 12592 | Bailey   | Reached skill level 5 in Air Magic
 12733 | Bailey   | Reached skill level 5 in Dodging
 13012 | Bailey   | Offered knowledge of Poisonous Vapours by Vehumet.
 13839 | Bailey   | Acquired a staff of air
 13847 | D:9      | Noticed a two-headed ogre
 13851 | D:9      | Killed a two-headed ogre
 13852 | D:9      | Reached XP level 11. HP: 53/78 MP: 8/23
 14140 | D:9      | Reached skill level 5 in Fighting
 14215 | D:9      | Reached skill level 5 in Staves
 14356 | D:9      | Reached *** piety under Vehumet
 14379 | D:9      | Found a staircase to the Lair.
 14541 | D:9      | Killed a boulder beetle
 14542 | D:9      | Reached skill level 5 in Evocations
 14545 | D:9      | Noticed a manticore
 14550 | D:9      | Noticed a skeletal warrior
 14778 | D:9      | Found an ancient bone altar of Kikubaaqudgha.
 14914 | D:9      | Offered knowledge of Airstrike by Vehumet.
 14920 | D:9      | Learned a level 4 spell: Airstrike
 15006 | D:9      | Killed a skeletal warrior
 15157 | D:9      | Killed a manticore
 15448 | D:9      | Noticed a red ugly thing
 15546 | Lair:1   | Entered Level 1 of the Lair of Beasts
 16280 | Lair:1   | Reached XP level 12. HP: 70/89 MP: 14/24
 17348 | Lair:2   | Reached **** piety under Vehumet
 17893 | Lair:1   | Offered knowledge of Freezing Cloud by Vehumet.
 18387 | Lair:2   | Noticed a seven-headed hydra
 18392 | Lair:2   | Killed a seven-headed hydra
 18529 | Lair:2   | Reached XP level 13. HP: 98/98 MP: 3/26
 18754 | Lair:2   | Found a staircase to the Snake Pit.
 18842 | Lair:2   | Reached skill level 10 in Spellcasting
 18951 | Lair:2   | Identified the ring "Vampetec" {Wiz rPois}
 19378 | Lair:3   | You fall into a shaft and drop 2 floors!
 19409 | Lair:6   | Entered Level 6 of the Lair of Beasts
 19963 | Lair:5   | Found a runed translucent door.
 19972 | Lair:5   | Found a viscous altar of Jiyva.
 19972 | Lair:5   | Found a staircase to the Slime Pits.
 20051 | Lair:5   | Learned a level 5 spell: Freezing Cloud
 20372 | Lair:5   | Identified the +12 halberd "Bamnoom" {vorpal, rElec rN+
                  | rCorr}
 20641 | Lair:4   | Noticed a four-headed hydra
 20649 | Lair:4   | Killed a four-headed hydra
 21580 | Lair:3   | Reached ***** piety under Vehumet
 21593 | Lair:3   | Noticed Rupert
 21597 | Lair:3   | Paralysed by Rupert for 5 turns
 21604 | Lair:3   | Killed Rupert
 22000 | Lair:4   | Found a staircase to the Swamp.
 22032 | Lair:4   | Reached skill level 10 in Air Magic
 22037 | Lair:4   | Reached XP level 14. HP: 108/108 MP: 6/28
 22452 | Lair:4   | Offered knowledge of Spellforged Servitor by Vehumet.
 22783 | Lair:4   | Acquired a book of Fire
 22791 | Lair:4   | Learned a level 5 spell: Fireball
 23097 | Lair:4   | Noticed a dire elephant
 23110 | Lair:4   | Reached skill level 1 in Fire Magic
 23117 | Lair:4   | Killed a dire elephant
 23468 | Lair:5   | Reached skill level 10 in Conjurations
 23708 | Lair:5   | Learned a level 4 spell: Flame Wave
 24289 | Lair:6   | Reached skill level 10 in Fighting
 24630 | Lair:6   | Noticed a dire elephant
 24633 | Lair:6   | Killed a dire elephant
 24708 | Lair:6   | Identified the ring "Eteocyd" {rElec MP+9 Dex+3 SInv}
 24976 | Lair:6   | Reached XP level 15. HP: 111/115 MP: 19/30
 24997 | Lair:6   | Reached skill level 5 in Fire Magic
 25023 | Lair:6   | Offered knowledge of Conjure Ball Lightning by Vehumet.
 25839 | D:10     | Entered Level 10 of the Dungeon
 26132 | D:10     | Identified the +1 leather armour of Dogmatism {rPois rN+}
 26491 | D:10     | Found a blossoming altar of Fedhas.
 27116 | D:11     | Found a runed translucent door.
 27420 | D:11     | Found a staircase to the Orcish Mines.
 29048 | Orc:1    | Entered Level 1 of the Orcish Mines
 29053 | Orc:1    | Offered knowledge of Eringya's Noxious Bog by Vehumet.
 29622 | Orc:2    | Entered Level 2 of the Orcish Mines
 29628 | Orc:2    | Found Unazxes's Weapon Boutique.
 29918 | Orc:2    | Reached XP level 16. HP: 122/122 MP: 18/32
 29993 | Orc:2    | Found Biaddus's Magic Scroll Shop.
 30027 | Orc:2    | Found Baynumu's General Store.
 30435 | Orc:2    | Bought a scroll of blinking for 75 gold pieces
 30446 | Orc:2    | Bought a wand of iceblast (4) for 128 gold pieces
 30446 | Orc:2    | Bought a potion of mutation for 128 gold pieces
 30446 | Orc:2    | Bought a scroll of amnesia for 56 gold pieces
 31089 | Orc:2    | Found Sese's Jewellery Shoppe.
 31089 | Orc:2    | Found a one-way gate leading to the halls of Pandemonium.
 31089 | Orc:2    | Found Waske's Antique Armour Emporium.
 31093 | Orc:2    | Bought an ichor-stained leather armour for 161 gold pieces
 31093 | Orc:2    | Identified the +1 leather armour of the Mackerel {rElec}
                  | (You bought it in a shop on level 2 of the Orcish Mines)
 31164 | Orc:2    | Learned a level 8 spell: Maxwell's Capacitive Coupling
 31433 | Orc:2    | Found a staircase to the Elven Halls.
 31813 | D:12     | Offered knowledge of Iskenderun's Battlesphere by Vehumet.
 31964 | D:12     | Found a gate leading to a gauntlet.
 31973 | Gauntlet | Entered a Gauntlet
 31973 | Gauntlet | Found a transporter.
 32016 | Gauntlet | Found a transporter.
 32034 | Gauntlet | Found a runed translucent gate.
 32034 | Gauntlet | Found a runed translucent gate.
 32034 | Gauntlet | Found a runed translucent gate.
 32036 | Gauntlet | Found a transporter.
 32038 | Gauntlet | Found a transporter.
 32046 | Gauntlet | Found a runed translucent door.
 32059 | Gauntlet | Found a transporter.
 32078 | Gauntlet | Found a transporter.
 32083 | Gauntlet | Found a transporter.
 32103 | Gauntlet | Found a transporter.
 32107 | Gauntlet | Found a transporter.
 32123 | Gauntlet | Found a transporter.
 32130 | Gauntlet | Found a transporter.
 32130 | Gauntlet | Found a transporter.
 32160 | Gauntlet | Found a transporter.
 32165 | Gauntlet | Found a transporter.
 32461 | Gauntlet | Got the Reference Book on Fire and Intoxication
 32907 | Gauntlet | Identified the +0 acid dragon scales of Decompression
                  | {rPois rCorr Int+2}
 32907 | Gauntlet | Identified the ring "Jokaet" {rN+ Will++ MP+9 Dex+6}
 32922 | Gauntlet | Got the Compendium of Existentialism
 32929 | Gauntlet | Identified the -1 hat "Kimocw" {-Cast rF- Dex+9 Slay+5}
 33867 | Swamp:1  | Entered Level 1 of the Swamp
 34404 | Swamp:1  | Noticed a tentacled monstrosity
 34411 | Swamp:1  | Killed a tentacled monstrosity
 34825 | Swamp:2  | Reached skill level 10 in Dodging
 35023 | Swamp:2  | Reached XP level 17. HP: 91/128 MP: 33/33
 35173 | Swamp:2  | Noticed a thorn hunter
 35186 | Swamp:2  | Killed a thorn hunter
 35746 | Swamp:2  | Upgraded the game from 0.28-a0-1504-g839a4452db to
                  | 0.28-a0-1506-g3893175d92
 36235 | Swamp:3  | Reached skill level 1 in Shields
 36237 | Swamp:3  | Offered knowledge of Irradiate by Vehumet.
 36277 | Swamp:3  | Reached skill level 10 in Staves
 36699 | Swamp:3  | Reached skill level 10 in Evocations
 37222 | Swamp:4  | Entered Level 4 of the Swamp
 37359 | Swamp:4  | HP: 4/128 [will-o-the-wisp/foxfire (11)]
 37359 | Swamp:4  | Killed from afar by a will-o-the-wisp

Illustrated notes

Levels and vault maps discovered:
D:1:      lemuel_arrival_river_ford, layout_rooms, minmay_tromino_v4_b
D:2:      layout_loops_ring, shapermc_ecumenical_altar_mp_urbaneastern,
          basic_altar, lemuel_old_faithful
D:3:      layout_loops_cross, uniq_sigmund, uniq_crazy_yiuf_cottage, uniq_ijyb
D:4:      layout_basic, nicolae_gozag_cash_rules_everything_around_me,
          uniq_robin, uniq_eustachio
D:5:      layout_rooms, minmay_temple_entry_butterflies, columned_hall_lemuel,
          palyth_stone_intersect
D:6:      layout_rooms, nicolae_concentric_dashed_squares_mild,
          chequers_big_river, kb_lookout_dungeons_type, corexii_corridor_pit,
          minmay_crystal_water, serial_bayou_lagoon_a, lightli_orcish_oven,
          uniq_grinder
D:7:      layout_loops_ring, hangedman_decor_peaks_small, nicolae_lava_and_water
D:8:      layout_cave_pools, mainiacjoe_overflow_24_doors, minmay_fountain_box
D:9:      layout_stronghold, marbit_many_paths, grunt_lair_entry_orc_guard_hut,
          enter_bailey_6, minmay_fractal_squares_gapless_7
D:10:     layout_rooms, tgw_fedhas, small_chamber_with_monster
D:11:     gammafunk_mikee_crab_dinner, layout_irregular_city,
          kennysheep_orc_monster_closet_entryway
D:12:     layout_long_grid, gauntlet_entry_generic
Temple:   dpeg_five_rooms_temple
Lair:1:   layout_misc_corridors, grunt_megastairs_4
Lair:2:   layout_regular_city, dummy_snake_entry,
          chequers_serial_rivers_large_a, st_stairs_6,
          grunt_forest_small_clearing_treed, lemuel_fruit_fields,
          infiniplex_staircase_pool_2
Lair:3:   layout_roguey, lemuel_fruit_tree, grunt_megastairs_2, uniq_rupert
Lair:4:   nzn_winding_woodlands_cross
          [nzn_winding_woodlands_5x15_river_crossing,
          nzn_winding_woodlands_5x15_sawtooth,
          nzn_winding_woodlands_5x15_pockets,
          nzn_winding_woodlands_5x15_sidewinder,
          nzn_winding_woodlands_15x15_boxy_spiral], layout_regular_city,
          swamp_mist, beast_lair_carwin_5
Lair:5:   layout_gridlike, slime_altar_2
Lair:6:   hangedman_lair_in_review, layout_cave_pods, st_stairs_10
Swamp:1:  layout_basic_swamp, nicolae_swamp_small_spring
Swamp:2:  layout_basic_swamp, hangedman_swamp_ruin_wall, swamp_pool4
Swamp:3:  layout_basic_swamp, nicolae_swamp_ascending_descending_big,
          swamp_pool1, hangedman_swamp_dais
Swamp:4:  byrel_swamp_growth_death_and_undeath, layout_basic_swamp, swamp_pool1,
          infiniplex_staircase_pool
Orc:1:    layout_caves, guppyfry_library_mini
Orc:2:    pf_orc_diabolical, layout_caves, serial_shops,
          nicolae_shop_bloodbath_and_beyond, hellmonk_bongcloud_opening

Skill      XL: |  1  2  3  4  5  6  7  8  9 10 11 12 13 14 15 16 17 |
---------------+----------------------------------------------------+-----
Spellcasting   | 3 4 5 6 8 9 10 11 12 13 | 13.2
Conjurations   | 5 6 7 8 9 10 11 | 11.8
Air Magic      | 1 2 3 5 7 8 10 11 12 13 | 13.6
Fighting       | 1 2 3 4 6 7 9 10 | 10.0
Staves         | 1 2 3 4 5 6 7 8 9 10 | 10.0
Evocations     | 1 2 3 4 5 6 7 8 9 10 | 10.0
Dodging        | 3 4 5 6 7 8 9 10 | 10.0
Fire Magic     | 4 6 8 9 |  9.3
Shields        | 2 |  2.1
Stealth        | |  2.0

Action                   |  1- 3 |  4- 6 |  7- 9 | 10-12 | 13-15 | 16-18 || total
-------------------------+-------+-------+-------+-------+-------+-------++-------
Melee: Club              |    21 |       |       |       |       |       ||    21
       Unarmed           |     1 |       |       |       |       |       ||     1
       Whip              |    13 |     2 |       |       |       |       ||    15
       Quarterstaff      |       |       |    79 |    32 |       |       ||   111
       Spear             |       |       |       |     6 |       |       ||     6
       Staff             |       |       |       |    43 |   298 |    61 ||   402
       Punch             |       |       |       |     1 |     7 |     1 ||     9
       Halberd           |       |       |       |       |     9 |       ||     9
 Cast: Magic Dart        |    67 |    23 |   105 |   167 |    39 |    14 ||   415
       Searing Ray       |       |     9 |    47 |    42 |       |       ||    98
       Static Discharge  |       |     2 |       |    51 |    21 |       ||    74
       Fulminant Prism   |       |       |     5 |    30 |     1 |       ||    36
       Iskenderun's Myst |       |       |     3 |     9 |    34 |    29 ||    75
       Lightning Bolt    |       |       |       |    34 |    46 |    41 ||   121
       Airstrike         |       |       |       |    35 |   117 |    97 ||   249
       Freezing Cloud    |       |       |       |       |    73 |    46 ||   119
       Fireball          |       |       |       |       |    79 |   145 ||   224
       Flame Wave        |       |       |       |       |     4 |     1 ||     5
       Maxwell's Capacit |       |       |       |       |       |     3 ||     3
 Abil: Evoke Invisibilit |       |       |       |     1 |       |       ||     1
Evoke: Wand              |       |       |     9 |     6 |     2 |     2 ||    19
       Condenser vane    |       |       |       |       |       |     1 ||     1
  Use: Potion            |       |     1 |       |       |       |     5 ||     6
       Scroll            |       |       |     9 |    11 |    10 |     4 ||    34
 Stab: Sleeping          |       |       |     2 |       |       |       ||     2
       Invisible         |       |       |       |       |       |     2 ||     2
Armor: Robe              |    15 |     1 |    17 |    40 |    49 |    28 ||   150
Dodge: Dodged            |    25 |     8 |    51 |   211 |   167 |    89 ||   551
       Repelled          |       |       |       |     6 |     2 |     2 ||    10
Block: Other             |       |       |       |       |     3 |       ||     3
       Buckler           |       |       |       |       |       |     6 ||     6

Table legend: (Time is in decaauts)
 A = Elapsed time spent in this place.
 B = Non-inter-level travel time spent in this place.
 C = Inter-level travel time spent in this place.
 D = Time resting spent in this place.
 E = Time spent auto-exploring this place.
 F = Levels seen in this place.
 G = Mean time per level.
                   A        B        C        D        E       F      G
               +--------+--------+--------+--------+--------+-----+--------+
         Total |  37598 |  35611 |   1987 |  16086 |  12671 |  27 | 1392.5 |
       Dungeon |  17259 |  16202 |   1057 |   6892 |   6613 |  12 | 1438.2 |
        Temple |    272 |    213 |     59 |      0 |    201 |   1 |  272.0 |
          Lair |  10298 |   9736 |    562 |   4640 |   3412 |   6 | 1716.3 |
         Swamp |   3669 |   3459 |    210 |   1453 |   1454 |   4 |  917.2 |
  Orcish Mines |   2631 |   2534 |     97 |   1046 |    806 |   2 | 1315.5 |
        Bailey |   2475 |   2475 |      0 |   1440 |    185 |   1 | 2475.0 |
      Gauntlet |    991 |    991 |      0 |    614 |      0 |   1 |  991.0 |
               +--------+--------+--------+--------+--------+-----+--------+

Top non-repeatable levels by time:
  Lair:1: 2549 daAuts
  Bailey: 2475 daAuts
     D:9: 2075 daAuts
  Lair:6: 2044 daAuts
    D:11: 2020 daAuts
  Lair:4: 1984 daAuts
   Orc:2: 1941 daAuts
     D:6: 1910 daAuts
     D:4: 1790 daAuts
 Swamp:3: 1479 daAuts
  Lair:2: 1474 daAuts
     D:5: 1433 daAuts
     D:2: 1373 daAuts
 Swamp:2: 1344 daAuts
     D:1: 1262 daAuts
